 Dungeon Sprint DCSS version 0.28-a0-1412-gf95308ed99 (webtiles) character file.

Game seed: 8112882515017223504

19433 mhtbhm the Executioner (level 12, 0/137 HPs)
             Began as a Minotaur Berserker on Jan 7, 2022.
             Was the Champion of Trog.
             Killed by the air
             ... invoked by a spriggan air mage
              (14 damage)
             ... in the Dungeon (Sprint VII: "The Pits").
             The game lasted 00:09:07 (3645 turns).

mhtbhm the Executioner (Minotaur Berserker)         Turns: 3645, Time: 00:09:08

Health: 0/137      AC: 25    Str: 28    XL:     12   Next: 36%
Magic:  3/3        EV: 12    Int:  4    God:    Trog [******]
Gold:   50         SH:  0    Dex:  9    Spells: 11/11 levels left

rFire   . . .      SeeInvis .   a - +6 battleaxe (antimagic)
rCold   . . .      Faith    .   (shield currently unavailable)
rNeg    . . .      Spirit   .   b - +4 chain mail
rPois   .          Reflect  .   (helmet restricted)
rElec   .          Harm     .   m - +0 cloak
rCorr   .          Rampage  .   (no gloves)
Will    .....      NoTele   +   r - +0 pair of boots
Stlth   ..........              (no amulet)
HPRegen 0.32/turn               n - +3 ring of evasion
MPRegen 0.08/turn               z - +4 ring of protection

@: lethally poisoned (0 -> -24), on berserk cooldown, hasted and slowed,
constricted
A: horns 2, retaliatory headbutt
a: Renounce Religion, Berserk, Trog's Hand, Brothers in Arms


You were in the Dungeon.
You worshipped Trog.
Trog was exalted by your worship.
You visited 1 branch You collected 50 gold pieces.

Inventory:

Hand Weapons
 a - a +6 antimagic battleaxe (weapon)
 s - a +2 broad axe of electrocution
 A - the +8 hunting sling "Cyxtak" {speed, rC++}
   (You found it in the Dungeon)

   Attacks with this weapon are significantly faster.
   rC:        It greatly protects you from cold.
 G - a +3 scimitar of holy wrath
Missiles
 l - 15 poisoned darts (quivered)
 D - 23 stones
Armour
 b - a +4 chain mail (worn)
 m - a +0 cloak (worn)
 r - a +0 pair of boots (worn)
 F - a +2 tower shield
Jewellery
 n - a +3 ring of evasion (left hand)
 o - a ring of protection from cold
 y - a ring of fire
 z - a +4 ring of protection (right hand)
 B - a ring of willpower
Wands
 k - a wand of polymorph (11)
 C - a wand of flame (16)
Scrolls
 j - a scroll of summoning
 t - 4 scrolls of enchant weapon
 u - 4 scrolls of enchant armour
 v - a scroll of fog
 x - 2 scrolls of identify
 E - a scroll of immolation
Potions
 c - 7 potions of curing
 d - 10 potions of heal wounds
 e - a potion of haste
 f - 4 potions of magic
 g - 6 potions of berserk rage
 i - 2 potions of invisibility
 p - 4 potions of resistance
 q - a potion of mutation
 w - a potion of might
Miscellaneous
 I - a condenser vane


   Skills:
 + Level 21.9 Fighting
 + Level 23.9 Axes
 + Level 1.1 Throwing
 + Level 17.1 Armour
 + Level 9.1 Dodging
 + Level 2.8 Stealth


You had 11 spell levels left.
You didn't know any spells.
Your spell library was empty.

Dungeon Overview and Level Annotations

Branches:
Dungeon (1/1)

Altars:
Gozag
Hepliaklqana
Sif Muna
Trog
Jiyva

Annotations:
D Aizul


Innate Abilities, Weirdness & Mutations

You have a pair of horns on your head.
You reflexively headbutt those who attack you in melee.


Message History

Okay, then.
The naga mage gestures wildly while chanting.
The naga mage seems to speed up.
Okay, then.
A blink frog comes into view.
The blink frog croaks.
The naga mage spits poison at you. The splash of poison hits you.
You are poisoned.
The naga mage points at you and mumbles some strange words.
The bolt of poison hits you!!
You are more poisoned.
* * * LOW HITPOINT WARNING * * *
Unknown command.
You feel better.
Unknown command.
You hit the naga mage.
The naga mage's magic leaks into the air.
The naga mage is lightly wounded.
The naga mage closely misses you. The naga mage grabs you.
The naga mage constricts you.
Aizul the Neglectful Guardian comes into view.
Unknown command.
Unknown command.
Your cyclops goes berserk!
The naga mage's magic is no longer disrupted.
The naga mage spits poison at you.
The splash of poison hits you but does no damage.
You are poisoned.
The naga mage constricts you.
Aizul screams, "I'll haunt your nightmares!"
Aizul casts a spell at you.
The bolt of poison hits the naga mage!
The naga mage is poisoned.
The bolt of poison hits you!!
You are more poisoned.
* * * LOW HITPOINT WARNING * * *
The blink frog blinks!
The spriggan air mage waves its arms in wide circles.
The air twists around and strikes you!
You die...

# # + + #
#######################
#....N@..............''
#....§C...F..........''
#iS################..##
#..##°# #..## #.N#○#
#..## #..'#○# #..##
#.†#i#○# #..##
#..##.#N# #..##
#..####### #..##


You could see Aizul, a spriggan air mage (repels missiles), a naga mage (fast,
poisoned, ally target), a blink frog and a friendly cyclops (summoned, berserk).

Vanquished Creatures
  Ilsuiw (D)
  A daeva (D)
  A spriggan defender (D)
  An ettin (D)
  A great orb of eyes (D)
  A fire dragon (D)
  A catoblepas (D)
  A death knight (D)
  A sun demon (D)
  A shadow wraith (D)
  A sea snake (D)
  A flayed ghost (D)
  Pikel (D)
  A swamp dragon (D)
  2 cyclopes (D)
  A manticore (D)
  3 merfolk sirens (D)
  2 molten gargoyles (D)
  A gargoyle (D)
  2 kobold demonologists (D)
  An unseen horror (D)
  An ice devil (D)
  A freezing wraith (D)
  Psyche (D)
  A demonic crawler (D)
  A hornet (D)
  A polar bear (D)
  4 blink frogs (D)
  A wind drake (D)
  A jumping spider (D)
  6 yaks (D)
  A vampire (D)
  A wraith (D)
  4 redbacks (D)
  A basilisk (D)
  2 wargs (D)
  3 nagas (D)
  4 hell hounds (D)
  2 water moccasins (D)
  A floating eye (D)
  A swamp drake (D)
  A sky beast (D)
  A wolf (D)
  2 phantoms (D)
  2 kobold brigands (D)
  A small abomination (D)
  2 gnoll sergeants (D)
  A scorpion (D)
  4 wights (D)
  A crimson imp (D)
  Crazy Yiuf (D)
  3 orc priests (D)
  An iguana (D)
  5 orc wizards (D)
  A hell rat (D)
  10 gnolls (D)
  A river rat (D)
  A white imp (D)
  A worm (D)
  6 orcs (D)
  A bat zombie (D)
  An endoplasm (D)
  A giant cockroach (D)
  2 goblins (D)
  2 hobgoblins (D)
  3 jackals (D)
  2 kobolds (D)
  A quokka (D)
  2 frilled lizards (D)
124 creatures vanquished.

Notes
Turn   | Place    | Note
-------+----------+-------------------------------------------
     0 | D        | mhtbhm the Minotaur Berserker began the quest for the Orb.
     0 | D        | Reached XP level 1. HP: 19/19 MP: 0/0
    22 | D        | Reached skill level 4 in Axes
    58 | D        | Reached ** piety under Trog
    63 | D        | Noticed a scorpion
    70 | D        | Killed a scorpion
    71 | D        | Reached skill level 6 in Axes
    71 | D        | Reached XP level 2. HP: 25/31 MP: 1/1
    71 | D        | Reached XP level 3. HP: 31/38 MP: 2/2
    73 | D        | Reached skill level 7 in Axes
    73 | D        | Reached XP level 4. HP: 37/45 MP: 3/3
   206 | D        | Reached *** piety under Trog
   213 | D        | Noticed a sky beast
   222 | D        | Killed a sky beast
   223 | D        | Reached skill level 9 in Axes
   223 | D        | Reached skill level 5 in Dodging
   223 | D        | Reached XP level 5. HP: 44/56 MP: 4/4
   381 | D        | Found a bloodstained altar of Trog.
   381 | D        | Found a shimmering blue altar of Sif Muna.
   381 | D        | Found a viscous altar of Jiyva.
   381 | D        | Found a hazy altar of Hepliaklqana.
   381 | D        | Found an opulent altar of Gozag.
   403 | D        | Noticed a water moccasin
   407 | D        | Reached **** piety under Trog
   408 | D        | Reached skill level 5 in Armour
   414 | D        | Reached skill level 10 in Axes
   414 | D        | Reached XP level 6. HP: 64/64 MP: 5/5
   415 | D        | Noticed Crazy Yiuf
   417 | D        | Killed a water moccasin
   418 | D        | Reached skill level 10 in Fighting
   418 | D        | Reached skill level 11 in Axes
   418 | D        | Reached skill level 1 in Stealth
   424 | D        | Reached ***** piety under Trog
   444 | D        | Killed Crazy Yiuf
   450 | D        | Reached skill level 12 in Axes
   455 | D        | Reached XP level 7. HP: 25/74 MP: 6/6
   696 | D        | Reached ****** piety under Trog
   699 | D        | Noticed a demonic crawler
   709 | D        | Killed a demonic crawler
   710 | D        | Reached skill level 13 in Axes
   922 | D        | Noticed Pikel
   928 | D        | Killed Pikel
   928 | D        | Received a gift from Trog
   929 | D        | Reached skill level 14 in Axes
   929 | D        | Reached XP level 8. HP: 79/86 MP: 7/7
   993 | D        | Killed a shadow wraith
   994 | D        | Reached skill level 15 in Axes
   994 | D        | Reached skill level 10 in Armour
   994 | D        | Reached XP level 9. HP: 87/96 MP: 2/8
  1131 | D        | Reached skill level 16 in Axes
  1131 | D        | Paralysed by a floating eye for 2 turns
  1251 | D        | Noticed a catoblepas
  1273 | D        | Killed a catoblepas
  1273 | D        | Identified the +8 quick blade "Dragonbane" {vorpal, Fragile
                  | rN++} (Trog gifted it to you in the Dungeon)
  1273 | D        | Received a gift from Trog
  1274 | D        | Reached skill level 15 in Fighting
  1274 | D        | Reached skill level 17 in Axes
  1480 | D        | Noticed a merfolk siren
  1491 | D        | Killed a merfolk siren
  1492 | D        | Received a gift from Trog
  1536 | D        | Noticed a fire dragon
  1537 | D        | Noticed a cyclops
  1546 | D        | Killed a fire dragon
  1547 | D        | Reached skill level 18 in Axes
  1547 | D        | Reached XP level 10. HP: 51/107 MP: 3/9
  1547 | D        | Killed a cyclops
  1816 | D        | Reached skill level 19 in Axes
  1887 | D        | Received a gift from Trog
  1901 | D        | Noticed a cyclops
  1908 | D        | Killed a cyclops
  1909 | D        | Reached skill level 1 in Throwing
  2073 | D        | Received a gift from Trog
  2076 | D        | Reached skill level 20 in Axes
  2132 | D        | Noticed a flayed ghost
  2140 | D        | Killed a flayed ghost
  2204 | D        | Received a gift from Trog
  2212 | D        | Reached XP level 11. HP: 79/119 MP: 3/10
  2219 | D        | Reached skill level 21 in Axes
  2392 | D        | Noticed Psyche
  2393 | D        | Noticed a death knight
  2395 | D        | Noticed a great orb of eyes
  2397 | D        | Killed a great orb of eyes
  2397 | D        | Received a gift from Trog
  2399 | D        | Killed Psyche
  2403 | D        | Killed a death knight
  2405 | D        | Received a gift from Trog
  2412 | D        | Reached skill level 22 in Axes
  2744 | D        | Noticed a sea snake
  2750 | D        | Killed a sea snake
  2752 | D        | Received a gift from Trog
  2761 | D        | Received a gift from Trog
  2768 | D        | Reached skill level 15 in Armour
  2815 | D        | Received a gift from Trog
  2881 | D        | Got the +8 hunting sling "Cyxtak" {speed, rC++}
  3134 | D        | Noticed a sun demon
  3134 | D        | Noticed a spriggan defender
  3134 | D        | Noticed a daeva
  3134 | D        | Noticed an ettin
  3134 | D        | Noticed Ilsuiw
  3137 | D        | Killed a sun demon
  3144 | D        | Killed an ettin
  3145 | D        | Reached skill level 23 in Axes
  3145 | D        | Killed a spriggan defender
  3151 | D        | Reached XP level 12. HP: 56/134 MP: 3/11
  3153 | D        | Received a gift from Trog
  3159 | D        | Killed a daeva
  3170 | D        | Killed Ilsuiw
  3615 | D        | Received a gift from Trog
  3631 | D        | Noticed a spriggan air mage
  3644 | D        | Noticed Aizul
  3645 | D        | Killed from afar by a spriggan air mage

Illustrated notes

Levels and vault maps discovered:
D:        pitsprint [storerooms_1, entrance_room_1, metal_vault_6, armoury_2,
          mini_pit_1, grid_room_1, main_hall_1, silver_pit, the_coven_1,
          the_vestibule_1, steel_vault_4, golden_pit, hallway_of_sentries,
          crystal_vault_4, iron_vault_3, final_vault]

Skill      XL: |  1  2  3  4  5  6  7  8  9 10 11 12 |
---------------+-------------------------------------+-----
Fighting       | 6 8 9 11 13 14 16 18 20 21 | 21.9
Axes           | 6 7 9 10 12 14 15 18 20 23 | 23.9
Armour         | 3 4 5 6 8 10 12 13 15 17 | 17.1
Dodging        | 3 5 6 7 8 9 |  9.1
Stealth        | 1 2 |  2.8
Throwing       | 1 |  1.1

Action                   |  1- 3 |  4- 6 |  7- 9 | 10-12 || total
-------------------------+-------+-------+-------+-------++-------
Melee: Hand axe          |     9 |    56 |    19 |       ||    84
       Headbutt          |       |     6 |    11 |    18 ||    35
       Punch             |       |     1 |       |       ||     1
       Battleaxe         |       |       |    42 |   152 ||   194
Throw: Dart              |       |       |     1 |       ||     1
Invok: Berserk           |     1 |     2 |     4 |     5 ||    12
       Brothers in Arms  |       |       |       |     2 ||     2
  Use: Potion            |       |     2 |       |     4 ||     6
       Scroll            |       |       |       |     2 ||     2
Armor: Animal skin       |       |     2 |       |       ||     2
       Chain mail        |       |    22 |    25 |    77 ||   124
Dodge: Dodged            |     9 |     6 |    14 |    57 ||    86

Table legend: (Time is in decaauts)
 A = Elapsed time spent in this place.
 B = Non-inter-level travel time spent in this place.
 C = Inter-level travel time spent in this place.
 D = Time resting spent in this place.
 E = Time spent auto-exploring this place.
 F = Levels seen in this place.
 G = Mean time per level.
                   A        B        C        D        E       F      G
               +--------+--------+--------+--------+--------+-----+--------+
         Total |   3666 |   3666 |      0 |   2331 |    123 |   1 | 3666.0 |
       Dungeon |   3666 |   3666 |      0 |   2331 |    123 |   1 | 3666.0 |
               +--------+--------+--------+--------+--------+-----+--------+

Top non-repeatable levels by time:
       D: 3666 daAuts
